 Dungeon Crawl Stone Soup version 0.23-a0-386-g9c9d49f (webtiles) character file.

2032 Azzok the Geomancer (level 9, -3/45 HPs)
             Began as a Gargoyle Earth Elementalist on Oct 28, 2018.
             Was a Follower of Vehumet.
             Slain by a two-headed ogre
             ... wielding a +0 giant club
              (10 damage)
             ... on level 8 of the Dungeon.
             The game lasted 00:11:54 (10395 turns).

Azzok the Geomancer (Gargoyle Earth Elementalist)  Turns: 10395, Time: 00:11:55

Health: -3/45      AC: 10    Str: 13    XL:     9   Next: 24%
Magic:  2/13       EV: 12    Int: 18    God:    Vehumet [*.....]
Gold:   452        SH:  0    Dex: 10    Spells: 5/14 levels left

rFire    . . .     SeeInvis .   m - +0 spear (venom)
rCold    . . .     Gourm    .   (no shield)
rNeg     + + .     Faith    .   c - +0 robe
rPois    ∞         Spirit   .   (no helmet)
rElec    +         Reflect  .   (no cloak)
rCorr    .         Harm     .   (no gloves)
MR       .....                  n - +1 pair of boots
Stlth    ++........             (no amulet)
HPRegen  0.15/turn              w - ring of positive energy
MPRegen  0.13/turn              (no ring)

@: very slightly contaminated
A: negative energy resistance 1, electricity resistance, unbreathing,
petrification resistance, rot immunity, AC +6
a: Renounce Religion


You were on level 8 of the Dungeon.
You worshipped Vehumet.
Vehumet was aware of your devotion.
You were not hungry.

You visited 2 branches of the dungeon, and saw 9 of its levels.

You collected 452 gold pieces.

Inventory:

Hand Weapons
 m - a +0 spear of venom (weapon)
Missiles
 b - 73 stones (quivered)
Armour
 c - a +0 robe (worn)
 n - a +1 pair of boots (worn)
Jewellery
 w - a ring of positive energy (left hand)
Wands
 z - a wand of iceblast (6)
 C - a wand of disintegration (19)
Scrolls
 a - 3 scrolls of teleportation {unknown}
 j - a scroll of noise {unknown}
 o - 5 scrolls of remove curse
 q - a scroll of enchant weapon {unknown}
 r - a scroll of amnesia {unknown}
 u - a scroll of enchant armour {unknown}
 x - a scroll of random uselessness {unknown}
 y - a scroll of identify
Potions
 e - 4 potions of flight
 f - a potion of resistance {unknown}
 g - 2 potions of haste
 i - a potion of brilliance {unknown}
 k - 3 potions of curing
 l - 2 potions of lignification {unknown}
 p - a potion of ambrosia {unknown}
 t - 3 potions of degeneration {unknown}
 v - a potion of agility
 A - 2 potions of berserk rage {unknown}
 B - a potion of magic {unknown}
Comestibles
 d - 7 rations


   Skills:
 - Level 1.5 Dodging
 - Level 2.1 Stealth
 + Level 3.2 Spellcasting
 + Level 8.5 Conjurations
   Level 0.7 Transmutations
 + Level 10.6 Earth Magic


You had 5 spell levels left.
You knew the following spells:

 Your Spells              Type           Power        Failure   Level  Hunger
a - Sandblast             Erth           #####.       1%          1    None
b - Stone Arrow           Conj/Erth      #####.       1%          3    ###....
c - Lee's Rapid Deconstr  Erth           #####.....   6%          5    ######.

Your spell library contained the following spells:

 Spells                   Type           Power        Failure   Level  Hunger
 Shock                    Conj/Air       ###.         2%          1    None
 Passwall                 Tmut/Erth      ###.....     2%          2    ##.....
 Animate Skeleton         Necr           N/A          16%         1    None
 Pain                     Necr           #...         16%         1    None
 Petrify                  Tmut/Erth      ###.....     16%         4    ####...
 Regeneration             Chrm/Necr      #.........   43%         3    ###....
 Vampiric Draining        Necr           #.........   43%         3    ###....
 Animate Dead             Necr           N/A          85%         4    ####...


Dungeon Overview and Level Annotations

Branches:
Dungeon (8/15)             Temple (1/1) D:5
   Lair: D:8-11

Altars:
Ashenzari
Cheibriados
Elyvilon
Fedhas
Gozag
Kikubaaqudgha
Makhleb
Nemelex Xobeh
Okawaru
Qazlal
Uskayaw
Vehumet
Xom

Shops:
D:6 *

Annotations:
D:3 3 runed doors, nht's ghost, weakling MiHu
D:8 Harold; Pikel


Innate Abilities, Weirdness & Mutations

You are resistant to torment.
Your stone body is resilient. (AC +6)
You are immune to poison.
You resist negative energy. (rN+)
You are resistant to electric shocks. (rElec)
You can survive without breathing.
You are immune to petrification.
You are immune to rotting.


Message History

The two-headed ogre hits you with a +0 giant club!
The two-headed ogre hits you with a +0 giant club.
* * * LOW HITPOINT WARNING * * *
Harold hits you but does no damage.
Pikel the Slaver comes into view.
He is wielding a +1 whip of freezing and
Okay, then.
You feel much better.
The two-headed ogre hits you with a +0 giant club.
The two-headed ogre completely misses you.
Harold drinks a potion.
Harold suddenly seems more agile.
You closely miss Harold.
Harold is lightly wounded.
You feel less wooden.
Your +1 pair of boots unmelds from your body.
Your +0 robe unmelds from your body.
Harold hits you but does no damage.
The two-headed ogre hits you with a +0 giant club!!
* * * LOW HITPOINT WARNING * * *
The two-headed ogre closely misses you.
The two-headed ogre hits you with a +0 giant club!
You die...

· ▒▒▒ p▒
··▒▒ ▒K·▒
▒▒··▒·p·▒▒
▒·†@·····▒
▒$@Op·<··▒
▒········▒
▒········▒
▒········▒
▒▒▒▒▒▒▒▒▒▒


You could see Harold, a two-headed ogre, Pikel and 3 slaves.

Vanquished Creatures
  Psyche (D:8)
  Grinder (D:5)
  Menkaure (D:4)
  A sky beast (D:5)
  An orc warrior (D:6)
  A centaur (D:6)
  3 bullfrogs
  A water moccasin skeleton (D:6)
  A centaur zombie (D:6)
  A crimson imp (D:6)
  A jelly (D:5)
  2 hounds
  A centaur skeleton (D:4)
  4 orc priests
  An iguana (D:7)
  2 worker ants
  5 orc wizards
  8 adders
  17 gnolls
  A shadow imp (D:6)
  An ooze (D:1)
  An adder skeleton (D:6)
  3 dart slugs
  6 leopard geckos
  29 orcs
  2 ball pythons (D:2)
  6 giant cockroaches
  10 goblins
  4 hobgoblins
  7 jackals
  3 quokkas
  11 bats
  2 frilled lizards
  8 kobolds
  A leopard gecko skeleton (D:4)
  A leopard gecko zombie (D:6)
  A quokka skeleton (D:6)
  5 rats
155 creatures vanquished.

Notes
Turn   | Place    | Note
-------+----------+-------------------------------------------
     0 | D:1      | Azzok the Gargoyle Earth Elementalist began the quest for
                  | the Orb.
     0 | D:1      | Reached XP level 1. HP: 10/10 MP: 3/3
   187 | D:1      | Reached skill level 4 in Earth Magic
   199 | D:1      | Reached XP level 2. HP: 5/15 MP: 1/5
   650 | D:1      | Reached XP level 3. HP: 19/19 MP: 4/6
   655 | D:1      | Learned a level 3 spell: Stone Arrow
   702 | D:1      | Reached skill level 5 in Earth Magic
  1761 | D:2      | Reached skill level 1 in Conjurations
  1791 | D:2      | Reached XP level 4. HP: 15/24 MP: 0/7
  2937 | D:2      | Reached XP level 5. HP: 28/28 MP: 0/8
  3322 | D:2      | Reached skill level 6 in Earth Magic
  3616 | D:3      | Found a burning altar of Makhleb.
  4171 | D:3      | Reached XP level 6. HP: 19/32 MP: 5/9
  4433 | D:3      | Found a runed gate.
  4435 | D:3      | Found an opulent altar of Gozag.
  4436 | D:3      | Found a runed gate.
  4436 | D:3      | Found a runed gate.
  4436 | D:3      | Noticed nht's ghost (weakling MiHu)
  5245 | D:4      | Reached skill level 7 in Earth Magic
  5524 | D:4      | Reached XP level 7. HP: 35/36 MP: 2/10
  5953 | D:4      | Noticed Menkaure
  5962 | D:4      | Killed Menkaure
  5962 | D:4      | Reached skill level 5 in Conjurations
  6435 | D:5      | Entered Level 5 of the Dungeon
  6457 | D:5      | Reached skill level 8 in Earth Magic
  6526 | D:5      | Found a staircase to the Ecumenical Temple.
  6569 | Temple   | Entered the Ecumenical Temple
  6645 | Temple   | Became a worshipper of Vehumet
  6776 | D:5      | Found a snail-covered altar of Cheibriados.
  6854 | D:5      | Noticed Grinder
  6861 | D:5      | Killed Grinder
  6861 | D:5      | Reached XP level 8. HP: 41/41 MP: 4/11
  7499 | D:5      | Reached skill level 9 in Earth Magic
  7602 | D:5      | Got a pitted ring mail
  7657 | D:5      | Identified the +4 ring mail of Ivamy {rC+} (You found it on
                  | level 5 of the Dungeon)
  8216 | D:6      | Found a hide-covered altar of Uskayaw.
  8216 | D:6      | Found a shattered altar of Ashenzari.
  8338 | D:6      | Found Jaohaaq's General Store.
  9192 | D:7      | Reached skill level 10 in Earth Magic
  9193 | D:7      | Reached * piety under Vehumet
  9193 | D:7      | Offered knowledge of Shock by Vehumet.
  9523 | D:7      | Found a shimmering altar of Xom.
 10152 | D:7      | Reached XP level 9. HP: 40/45 MP: 5/12
 10190 | D:7      | Learned a level 5 spell: Lee's Rapid Deconstruction
 10370 | D:8      | Noticed Psyche
 10378 | D:8      | Killed Psyche
 10381 | D:8      | Noticed a two-headed ogre
 10384 | D:8      | Noticed Harold
 10393 | D:8      | Noticed Pikel
 10395 | D:8      | Slain by a two-headed ogre

Vault maps used:
D:1:      minmay_arrival_jagged
D:2:      palyth_stone_intersect, hangedman_decor_slide_cut, grunt_ministairs_11
D:3:      ebering_ghost_gozag, makhleb_heckhound_becter
D:4:      uniq_menkaure
D:5:      overflow_temple_1_default, temple_doors_e, first_ration, minivault_26,
          uniq_grinder
D:6:      gammafunk_temple_overflow_statue, serial_shops, shop_statue,
          st_stairs_4
D:7:      xom_teletrap_fun
D:8:      nicolae_gozag_zags_fifth_avenue, lair_entry_dummy, uniq_pikel,
          uniq_psyche, uniq_prince_ribbit1, uniq_harold
Temple:   nicolae_temple_elliptical

Skill      XL: |  1  2  3  4  5  6  7  8  9 |
---------------+----------------------------+-----
Earth Magic    | 4 5 6 7 8 10 | 10.6
Conjurations   | 1 2 3 4 6 8 |  8.5
Spellcasting   | 3 |  3.2
Dodging        | |  1.5
Stealth        | |  2.1
Transmutations | |  0.7

Action                   |  1- 3 |  4- 6 |  7- 9 || total
-------------------------+-------+-------+-------++-------
Melee: Unarmed           |    63 |     3 |       ||    66
       Spear             |       |    10 |    87 ||    97
 Cast: Sandblast         |    27 |    42 |    33 ||   102
       Stone Arrow       |    13 |    49 |    71 ||   133
  Use: Scroll            |       |       |     5 ||     5
       Potion            |       |       |     1 ||     1
 Stab: Sleeping          |       |       |     2 ||     2
       Distracted        |       |       |     1 ||     1
  Eat: Chunk             |     3 |    19 |    18 ||    40
       Ration            |       |       |     2 ||     2
Armor: Robe              |    31 |    16 |    56 ||   103
       Skin              |       |       |    10 ||    10
Dodge: Dodged            |    52 |    33 |    53 ||   138

Table legend:
 A = Non-vault XP
 B = Vault XP
 C = Vault XP percentage of total XP
 D = Non-vault monster count
 E = Vault monster count
 F = Vault count percentage of total count
                 A         B        C        D         E       F
            +---------+---------+-------+---------+---------+-------
      Total |    1970 |     934 |  32.2 |     147 |       8 |   5.2
            +---------+---------+-------+---------+---------+-------
        D:1 |      49 |       0 |   0.0 |      25 |       0 |   0.0
        D:2 |     134 |       4 |   2.9 |      27 |       2 |   6.9
        D:3 |     197 |      43 |  17.9 |      25 |       1 |   3.8
        D:4 |     247 |     172 |  41.1 |      21 |       1 |   4.5
        D:5 |     397 |     277 |  41.1 |      16 |       1 |   5.9
        D:6 |     545 |       4 |   0.7 |      14 |       2 |  12.5
        D:7 |     355 |       0 |   0.0 |      18 |       0 |   0.0
        D:8 |      46 |     434 |  90.4 |       1 |       1 |  50.0
            +---------+---------+-------+---------+---------+-------
